 Dungeon Crawl Stone Soup version 0.26.1-10-gdfb7c7de75 (webtiles) character file.

Game seed: 4923232203694633335

15281 manyhoops the Grappler (level 11, -16/89 HPs)
             Began as a Palentonga Transmuter on Apr 2, 2021.
             Was a Priest of Hepliaklqana.
             Engulfed by a cloud of freezing vapour (21 damage)
             ... in an ice cave.
             The game lasted 00:28:28 (13979 turns).

manyhoops the Grappler (Palentonga Transmuter)     Turns: 13979, Time: 00:28:39

Health: -16/89     AC: 16    Str: 18    XL:     11   Next: 99%
Magic:  18/18      EV: 11    Int: 18    God:    Hepliaklqana [***...]
Gold:   479        SH:  0    Dex: 12    Spells: 8/20 levels left

rFire    + + .     SeeInvis +     - Unarmed
rCold    x . .     Faith    .   (no shield)
rNeg     . . .     Spirit   .   a - +1 robe
rPois    .         Reflect  .   E - +1 helmet of Autotheism {Str+3}
rElec    .         Harm     .   (no cloak)
rCorr    .         Rampage  .   G - +0 pair of gloves (curse)
Will     .....                  L - +4 barding
Stlth    +.........             v - amulet of regeneration
HPRegen  0.64/turn              C - ring of fire
MPRegen  0.16/turn              x - ring of protection from fire

@: no status effects
A: large, reduced essence, rugged brown scales 3, see invisible, agile 1, clever
1, deformed body, sense surroundings 1, MP-powered wands, roll 1, armoured tail,
reflexive curl
a: Rolling Charge, Renounce Religion, Recall Ancestor, Ancestor Identity,
Transference


You were in an ice cave.
You worshipped Hepliaklqana.
Hepliaklqana was most pleased with you.
You visited 2 branches of the dungeon, and saw 12 of its levels.
You also visited: Ice Cave.

You collected 626 gold pieces.
You spent 147 gold pieces at shops.

Inventory:

Missiles
 h - 82 poisoned darts (quivered)
 m - 2 throwing nets
Armour
 a - a +1 robe (worn)
 E - the +1 helmet of Autotheism (worn) {Str+3}
   (You found it on level 10 of the Dungeon)

   It affects your strength (+3).
 G - a cursed +0 pair of gloves (worn)
 L - a +4 barding (worn)
 R - a +1 animal skin of cold resistance
 S - the +2 robe "Avie" {rElec, unknown}
   (You found it in an ice cave)

   It insulates you from electricity.
 U - the +2 plate armour of Salvation {+Inv rPois rF- Will- Stlth+, unknown}
   (You found it in an ice cave)

   It makes you vulnerable to fire.
   It protects you from poison.
   It affects your willpower, your defense against some magical effects.
   It lets you turn invisible.
   It makes you more stealthy.
Jewellery
 n - an uncursed ring of resist corrosion
 q - an uncursed amulet of reflection
 v - an amulet of regeneration (around neck)
 x - a ring of protection from fire (right hand)
 C - a ring of fire (left hand)
 F - an uncursed ring of positive energy
 H - an uncursed ring of ice
 K - an uncursed ring of magical power
 Q - an uncursed ring of protection from cold {unknown}
 T - an uncursed ring of protection from cold {unknown}
Wands
 s - a wand of flame (14)
 t - a wand of random effects (10)
 I - a wand of acid (7)
 O - a wand of disintegration (13)
 P - a wand of polymorph (5)
Scrolls
 c - a scroll of enchant armour
 d - 2 scrolls of immolation
 e - 7 scrolls of fog
 k - 2 scrolls of remove curse
 l - a scroll of blinking
 o - 2 scrolls of enchant weapon
 u - 2 scrolls of amnesia
 y - 3 scrolls of magic mapping
 A - a scroll of fear {unknown}
 B - 6 scrolls of teleportation
 J - a scroll of noise
 M - a scroll of torment {unknown}
Potions
 b - 2 potions of ambrosia
 f - 3 potions of heal wounds
 g - 8 potions of curing
 i - a potion of cancellation
 j - 2 potions of flight
 p - 2 potions of mutation
 r - a potion of berserk rage {unknown}
 w - a potion of brilliance {unknown}
 z - a potion of resistance {unknown}
 D - a potion of lignification
 N - a potion of magic {unknown}


   Skills:
 * Level 7.2 Fighting
 - Level 7.3 Dodging
 + Level 12.1 Unarmed Combat
 - Level 5.0 Spellcasting
 - Level 10.0 Transmutations


You had 8 spell levels left.
You knew the following spells:

 Your Spells              Type           Power        Failure   Level
a - Beastly Appendage     Tmut           80%          1%          1
b - Wereblood             Tmut           40%          1%          2
c - Corona                Hex            4%           13%         1
d - Spider Form           Tmut/Pois      11%          4%          3
e - Blade Hands           Tmut           20%          6%          5

Your spell library contained the following spells:

 Spells                   Type           Power        Failure   Level
 Animate Skeleton         Necr           8%           13%         1
 Apportation              Tloc           8%           13%         1
 Summon Small Mammal      Summ           16%          13%         1
 Ice Form                 Ice/Tmut       22%          17%         4
 Ensorcelled Hibernation  Hex/Ice        8%           21%         2
 Confusing Touch          Hex            4%           36%         3
 Dazzling Flash           Conj/Hex       8%           36%         3
 Tukima's Dance           Hex            4%           36%         3
 Metabolic Englaciation   Hex/Ice        2%           98%         5
 Freezing Cloud           Conj/Ice/Air   2%           100%        6
 Ozocubu's Refrigeration  Ice            2%           100%        6
 Simulacrum               Ice/Necr       2%           100%        6


Dungeon Overview and Level Annotations

Branches:
Dungeon (11/15)            Temple (1/1) D:5            Lair (0/6) D:11
  IceCv (1/1)
    Orc: D:9-12

Altars:
Ashenzari
Cheibriados
Dithmenos
Elyvilon
Fedhas
Gozag
Hepliaklqana
Kikubaaqudgha
Nemelex Xobeh
Okawaru
Qazlal
Ru
Sif Muna
Trog
Uskayaw
Vehumet
Wu Jian
Xom
Yredelemnul
Zin
The Shining One
Beogh

Shops:
D:5 }!(   D:9 *

Annotations:
D:2 2 transporters
D:4 2 runed translucent doors, Ragnag's ghost, amateur MfIE


Innate Abilities, Weirdness & Mutations

You are completely covered in rugged brown scales. (AC +3, +7% HP)
You have supernaturally acute eyesight. (SInv)
Armour fits poorly on your strangely shaped body.
You can roll at nearby foes to attack.
You have a long armoured tail.
You curl defensively after being hit.
Your life essence is reduced to manifest your ancestor. (-10% HP)
You are agile. (Dex +2)
Your mind is acute. (Int +2)
You passively map a small area around you.
You expend magic power (3 MP) to strengthen your wands.


Message History

You see here a glaive of freezing.
You see here a warped plate armour.
U - a warped plate armour
Found an ice covered gate leading back out of this place.
You are engulfed in freezing vapours.
Shunnar is engulfed in freezing vapours.
You're standing in a cloud of freezing vapour!
You are engulfed in freezing vapours.
Keep disrobing?
Shunnar is engulfed in freezing vapours.
You start removing your armour.
You continue taking off your +1 robe.
You are engulfed in freezing vapours.
Shunnar is engulfed in freezing vapours.
You continue taking off your +1 robe.
You are engulfed in freezing vapours.
* * * LOW HITPOINT WARNING * * *
Shunnar is engulfed in freezing vapours.
You continue taking off your +1 robe.
You are engulfed in freezing vapours.
You die...

* ≈ ≈#≈≈##.##
.# * ≈≈≈
#.###.# ≈ ≈
##.#.## * ≈
#....# ≈ *##
##.#.# * ○#
≈###.## ≈ *
##.# ≈≈ ##.# *
* #☼.#≈ ##.#
#@≈# ≈≈#..#
#R##*≈ #.##
#○○## ≈ #.##
##..# ≈##.#
#○.#* ##.#
##.## ##..#
####..###..##
##.#.#..#.).#
##.#.##.....##


You could see the friendly Shunnar the battlemage.

Vanquished Creatures
  A frost giant (IceCv)
  A two-headed ogre (D:8)
  A death yak (IceCv)
  A rime drake (IceCv)
  18 polar bears (IceCv)
  9 yaks
  A steam dragon (D:9)
  A water moccasin (D:6)
  2 black bears
  13 ice beasts
  2 sky beasts
  2 ogres
  A phantom (D:7)
  9 wolves (IceCv)
  4 centaurs
  2 big kobolds
  6 bullfrogs
  5 killer bees
  3 wights (D:8)
  4 howler monkeys
  A bullfrog zombie (D:6)
  3 jellies
  A bullfrog skeleton (D:10)
  4 hounds
  A gnoll shaman (D:3)
  3 orc priests
  4 orc wizards
  Jessica (D:4)
  4 iguanas
  Natasha (D:4)
  8 worker ants
  3 hound zombies
  3 worker ant zombies
  9 gnolls (D:3)
  16 adders
  A white imp (D:7)
  3 oozes
  2 adder skeletons
  An adder zombie (D:5)
  4 dart slugs
  5 leopard geckos
  40 orcs
  A ball python (D:3)
  3 giant cockroaches
  10 goblins
  12 hobgoblins
  9 jackals
  4 quokkas
  7 bats
  2 frilled lizards (D:2)
  24 kobolds
  9 rats
285 creatures vanquished.

Vanquished Creatures (collateral kills)
  A polar bear (IceCv)
  A yak (IceCv)
  An ice beast (D:7)
  4 orc warriors
  2 ogres
  4 wolves (IceCv)
  A bullfrog (D:9)
  A scorpion (D:9)
  7 killer bees
  2 wights (D:8)
  A howler monkey (D:8)
  A bullfrog zombie (D:8)
  2 orc priests
  2 centaur zombies
  An iguana (D:7)
  An orc wizard (D:7)
  A worker ant zombie (D:6)
  An adder (D:11)
  A white imp (D:8)
  7 orcs
  2 jackals (D:6)
44 creatures vanquished.

Vanquished Creatures (others)
  2 wolves (IceCv)
  4 battlemagi
  2 fungi (D:3)
8 creatures vanquished.

Grand Total: 337 creatures vanquished

Notes
Turn   | Place    | Note
-------+----------+-------------------------------------------
     0 | D:1      | manyhoops the Palentonga Transmuter began the quest for the
                  | Orb.
     0 | D:1      | Reached XP level 1. HP: 17/17 MP: 3/3
   225 | D:1      | Reached XP level 2. HP: 14/24 MP: 5/5
  1114 | D:2      | Reached XP level 3. HP: 25/31 MP: 4/6
  1345 | D:2      | Reached skill level 4 in Unarmed Combat
  1946 | D:2      | Found a stormy altar of Qazlal.
  1952 | D:2      | Found a transporter.
  1958 | D:2      | Noticed a big kobold
  1959 | D:2      | Found a transporter.
  1968 | D:2      | Found a hide-covered altar of Uskayaw.
  2670 | D:3      | Reached XP level 4. HP: 39/39 MP: 7/7
  2731 | D:3      | Learned a level 2 spell: Wereblood
  2967 | D:4      | Reached XP level 5. HP: 41/49 MP: 8/8
  3145 | D:4      | Noticed Jessica
  3253 | D:4      | Found a runed translucent door.
  3309 | D:4      | Found a runed translucent door.
  3312 | D:4      | Noticed Ragnag's ghost (amateur MfIE)
  3506 | D:4      | Reached skill level 5 in Fighting
  3852 | D:4      | Noticed Natasha
  3855 | D:4      | Killed Natasha
  3863 | D:4      | Reached XP level 6. HP: 51/59 MP: 9/9
  4100 | D:4      | Killed Jessica
  4106 | D:4      | Found a shimmering blue altar of Sif Muna.
  4482 | D:3      | Found a shimmering altar of Xom.
  4634 | D:3      | Reached skill level 5 in Unarmed Combat
  6073 | D:3      | Reached skill level 6 in Unarmed Combat
  6079 | D:3      | Noticed an orc warrior
  6081 | D:3      | Gained mutation: You curl defensively after being hit.
                  | [Palentonga growth]
  6081 | D:3      | Reached XP level 7. HP: 46/65 MP: 10/10
  6849 | D:5      | Entered Level 5 of the Dungeon
  6882 | D:5      | Reached skill level 7 in Unarmed Combat
  6889 | D:5      | Found a staircase to the Ecumenical Temple.
  6902 | Temple   | Entered the Ecumenical Temple
  7366 | Temple   | Became a worshipper of Hepliaklqana the Forgotten
  7457 | D:5      | Gained mutation: You expend magic power (3 MP) to
                  | strengthen your wands. [potion of mutation]
  7457 | D:5      | Gained mutation: Your mind is acute. (Int +2) [potion of
                  | mutation]
  7457 | D:5      | Gained mutation: You are agile. (Dex +2) [potion of
                  | mutation]
  7457 | D:5      | Gained mutation: You passively map a small area around you.
                  | [potion of mutation]
  7543 | D:5      | Found Liwn's Antique Weapon Emporium.
  7713 | D:5      | Found Natarreq's Distillery.
  7721 | D:5      | Bought a potion of heal wounds for 75 gold pieces
  7721 | D:5      | Bought a potion of lignification for 45 gold pieces
  7833 | D:5      | Found Ruarox's Gadget Boutique.
  7883 | D:5      | Found a glowing golden altar of the Shining One.
  7964 | D:5      | Reached XP level 8. HP: 65/65 MP: 11/11
  8513 | D:6      | Reached * piety under Hepliaklqana
  8557 | D:6      | Found a radiant altar of Vehumet.
  8883 | D:6      | Learned a level 1 spell: Corona
  9464 | D:7      | Found an opulent altar of Gozag.
  9537 | D:7      | Reached skill level 5 in Transmutations
  9572 | D:7      | Reached ** piety under Hepliaklqana
  9591 | D:6      | Remembered your ancestor Shunnar as a battlemage
  9820 | D:7      | Reached XP level 9. HP: 38/71 MP: 16/16
  9843 | D:7      | Reached skill level 5 in Spellcasting
 10223 | D:8      | Found a glowing silver altar of Zin.
 10391 | D:8      | Noticed a two-headed ogre
 10618 | D:8      | Killed a two-headed ogre
 10619 | D:8      | Reached skill level 10 in Transmutations
 10619 | D:8      | Reached XP level 10. HP: 15/78 MP: 17/17
 10801 | D:8      | Found a broken altar of Ashenzari.
 11176 | D:8      | Found a roughly hewn altar of Beogh.
 11234 | D:8      | Reached skill level 8 in Unarmed Combat
 11427 | D:9      | Found Afurr's Assorted Antiques.
 11435 | D:9      | Bought a scroll labelled VUSCHE PULITSO for 27 gold pieces
 11855 | D:9      | Reached skill level 9 in Unarmed Combat
 11859 | D:9      | Learned a level 3 spell: Spider Form
 11865 | D:9      | Learned a level 5 spell: Blade Hands
 12323 | D:10     | Entered Level 10 of the Dungeon
 12337 | D:10     | Reached *** piety under Hepliaklqana
 12879 | D:10     | Got a smoking helmet
 12890 | D:10     | Identified the +1 helmet of Autotheism {Str+3} (You found
                  | it on level 10 of the Dungeon)
 13024 | D:11     | Found a frozen archway.
 13040 | D:11     | Reached skill level 5 in Dodging
 13067 | D:11     | Noticed a two-headed ogre
 13073 | IceCv    | Entered an ice cave
 13214 | IceCv    | Reached XP level 11. HP: 69/85 MP: 18/18
 13467 | IceCv    | Reached skill level 10 in Unarmed Combat
 13802 | IceCv    | Noticed a death yak
 13802 | IceCv    | Noticed a frost giant
 13810 | IceCv    | Reached skill level 11 in Unarmed Combat
 13811 | IceCv    | Killed a death yak
 13815 | IceCv    | Killed a frost giant
 13816 | IceCv    | Reached skill level 12 in Unarmed Combat
 13957 | IceCv    | Got a heavy robe
 13963 | IceCv    | Got a warped plate armour
 13978 | IceCv    | HP: 4/89 [something (27)]
 13979 | IceCv    | Engulfed by a cloud of freezing vapour

Illustrated notes

Levels and vault maps discovered:
D:1:      amcnicky_arrival_wind_blow, layout_basic
D:2:      layout_rooms, grunt_qazlal_sundering, gammafunk_temple_overflow_arena
D:3:      minmay_razor_zed, layout_rooms, tgw_xom, uniq_crazy_yiuf_cottage
D:4:      layout_basic, grunt_temple_overflow_champion_of_chaos,
          ebering_ghost_sewer_f, tgw_sif, uniq_natasha
D:5:      layout_basic, general_overflow_altar, minmay_temple_entry_waves,
          serial_shops, shop, kennysheep_mini_moat, nicolae_shop_crystal,
          minmay_puff
D:6:      layout_loops_corners, kennysheep_mini, hangedman_decor_peaks_small,
          eino_tiny_chamber
D:7:      layout_rooms, lemuel_round_altar, kennysheep_generic_room_8
D:8:      layout_basic, lemuel_crystal_altar, ashenzari_altar_1, special_room
          [special_room_orc]
D:9:      layout_irregular_city, serial_shops, kennysheep_little_box
D:10:     layout_long_grid
D:11:     layout_loops_ring, erik_lair_orcish_takeover,
          portal_ice_cave_entry_ice_beasts, enter_trove_3
Temple:   nicolae_temple_figure_eight
IceCv:    ice_cave_caverns_03

Skill      XL: |  1  2  3  4  5  6  7  8  9 10 11 |
---------------+----------------------------------+-----
Unarmed Combat | 4 6 7 9 12 | 12.1
Fighting       | 2 4 5 7 |  7.2
Dodging        | 3 6 7 |  7.3
Transmutations | 5 10 | 10.0
Spellcasting   | 4 5 |  5.0

Action                   |  1- 3 |  4- 6 |  7- 9 | 10-12 || total
-------------------------+-------+-------+-------+-------++-------
Melee: Unarmed           |   118 |   226 |   334 |   311 ||   989
       Tailslap          |     8 |    19 |    47 |    35 ||   109
       Kick              |     7 |    15 |    13 |       ||    35
       Headbutt          |     1 |     8 |    11 |       ||    20
       Punch             |       |     7 |     7 |    10 ||    24
Throw: Dart              |       |       |     6 |     1 ||     7
 Cast: Beastly Appendage |     6 |     7 |     8 |       ||    21
       Wereblood         |       |     7 |    14 |     8 ||    29
       Blade Hands       |       |       |       |    13 ||    13
       Corona            |       |       |       |     1 ||     1
Invok: Recall Ancestor   |       |       |     1 |     1 ||     2
       Ancestor Life: Ba |       |       |     1 |       ||     1
 Abil: Rolling Charge    |     6 |    20 |    19 |     8 ||    53
Evoke: Wand              |       |       |       |     6 ||     6
  Use: Scroll            |     2 |     9 |    10 |     9 ||    30
       Potion            |       |     1 |     2 |       ||     3
 Stab: Sleeping          |       |       |     2 |       ||     2
       Distracted        |       |       |     4 |     3 ||     7
Armor: Robe              |    44 |   104 |   146 |   200 ||   494
Dodge: Dodged            |    68 |   136 |   182 |   180 ||   566
Block: Other             |       |    43 |     4 |       ||    47
       Reflection        |       |     2 |       |       ||     2
